 Dungeon Crawl Stone Soup version 0.23-a0-516-g0f8c245 (webtiles) character file.

18 theanonym the Vexing (level 2, 0/21 HPs)
             Began as a Mummy Enchanter on Dec 5, 2018.
             Slain by a jackal (2 damage)
             ... on level 1 of the Dungeon.
             The game lasted 00:00:54 (845 turns).

theanonym the Vexing (Mummy Enchanter)               Turns: 845, Time: 00:00:55

Health: 0/21       AC:  2    Str: 11    XL:     2   Next: 51%
Magic:  5/5        EV: 12    Int: 14    God:
Gold:   14         SH:  0    Dex: 12    Spells: 5/6 levels left

rFire    x . .     SeeInvis .   a - +1 dagger
rCold    + + .     Gourm    .   (no shield)
rNeg     + + +     Faith    .   b - +0 robe
rPois    ∞         Spirit   .   (no helmet)
rElec    .         Reflect  .   (no cloak)
rCorr    .         Harm     .   (no gloves)
MR       .....                  (no boots)
Stlth    ++........             (no amulet)
HPRegen  0.07/turn              f - ring of protection from cold
MPRegen  0.09/turn              (no ring)

@: no status effects
A: no food or potions, fire vulnerability, cold resistance 1, negative energy
resistance 3, torment resistance, unbreathing
a: no special abilities


Innate Abilities, Weirdness & Mutations

You do not eat or drink.
Your flesh is vulnerable to fire.
You are immune to poison.
Your flesh is cold resistant. (rC+)
You are immune to negative energy. (rN+++)
You are immune to unholy pain and torment.
You can survive without breathing.


   Skills:
 + Level 1.0 Fighting
 * Level 1.8 Short Blades
 - Level 1.5 Dodging
 - Level 2.4 Stealth
 - Level 2.6 Spellcasting
 - Level 2.6 Hexes


You had 5 spell levels left.
You knew the following spells:

 Your Spells              Type           Power        Failure   Level  Hunger
a - Corona                Hex            #......      8%          1    N/A

Your spell library contained the following spells:

 Spells                   Type           Power        Failure   Level  Hunger
 Ensorcelled Hibernation  Hex/Ice        #.....       19%         2    N/A
 Confuse                  Hex            #.......     22%         3    N/A
 Tukima's Dance           Hex            #.......     22%         3    N/A
 Dazzling Spray           Conj/Hex       #.....       36%         3    N/A

Skill      XL: |  1  2 |
---------------+-------+-----
Short Blades   | 1 |  1.8
Fighting       | 1 |  1.0
Dodging        | |  1.5
Stealth        | |  2.4
Spellcasting   | |  2.6
Hexes          | |  2.6

Action                   || total
-------------------------++-------
Melee: Dagger            ||    88
 Cast: Corona            ||     1
 Stab: Sleeping          ||     1
Armor: Robe              ||    15
Dodge: Dodged            ||    53

Inventory:

Hand Weapons
 a - a +1 dagger (weapon)
Armour
 b - a +0 robe (worn)
Jewellery
 f - a ring of protection from cold (left hand)
   (You found it on level 1 of the Dungeon)
Scrolls
 c - a scroll of teleportation {unknown}
 d - a scroll of identify {unknown}
 e - a scroll of fear {unknown}


You were on level 1 of the Dungeon.
You were not hungry.

You visited 1 branch of the dungeon, and saw 1 of its levels.

You collected 14 gold pieces.

Dungeon Overview and Level Annotations

Branches:
Dungeon (1/15)

Altars:

#..........#......
#..........#......
#...h......#......
#.###.#....#......
#...h......#......
#.###.#....#......
#h....##...#......
#h##..##...+......
#@##..##.#.#......
#.....##.#.#÷#####
###...##.#........
.......#........
##.######........
#.............##
#..######..##.##
#..#.......##...
#..##.#.#..##...


You could see 2 jackals.

Notes
Turn   | Place    | Note
-------+----------+-------------------------------------------
     0 | D:1      | theanonym the Mummy Enchanter began the quest for the Orb.
     0 | D:1      | Reached XP level 1. HP: 13/13 MP: 4/4
    82 | D:1      | Reached skill level 1 in Short Blades
   181 | D:1      | HP: 7/14 [hobgoblin (1)]
   432 | D:1      | Reached XP level 2. HP: 12/20 MP: 5/5
   703 | D:1      | Reached skill level 1 in Fighting
   815 | D:1      | HP: 9/21 [goblin/+0 club (2)]
   824 | D:1      | HP: 8/21 [goblin/+0 club (2)]
   834 | D:1      | HP: 8/21 [jackal (1)]
   843 | D:1      | HP: 4/21 [jackal (1)]
   845 | D:1      | Slain by a jackal

Vanquished Creatures
  2 bats (D:1)
  3 goblins (D:1)
  5 hobgoblins (D:1)
  2 jackals (D:1)
  2 frilled lizards (D:1)
  A rat (D:1)
15 creatures vanquished.

Table legend:
 A = Turns spent in this place as a percentage of turns spent in the entire game.
 B = Non-inter-level travel turns spent in this place as a percentage of non-inter-level travel turns spent in the entire game.
 C = Inter-level travel turns spent in this place as a percentage of turns spent in this place.
 D = Turns resting spent in this place as a percentage of non-inter-level travel turns spent in this place.
 E = Turns spent auto-exploring this place as a percentage of non-inter-level travel turns spent in this place.
 F = Non-inter-level travel turns spent in this place divided by the number of levels of this place that you've seen.
                   A       B       C       D       E      F
               +-------+-------+-------+-------+-------+----------------------
         Total | 100.0 | 100.0 |   0.0 |  41.3 |  40.8 | 845.0
       Dungeon | 100.0 | 100.0 |   0.0 |  41.3 |  40.8 | 845.0
               +-------+-------+-------+-------+-------+----------------------
